Map: Triton LE

Players

Ratl

  • Race: Protoss Protoss
  • League: Silver
  • Spawn Location: 11:00

VOD

Have the link to the VOD?

Description

Time

  • Played on: Jan. 11, 2020, 9:22 p.m.
  • Length: 8:05
Show
View Real Time Build Order
Export as new Build Order

Ratl Protoss 

Build Orders:  

Get SALT Encoding   

  12  0:08  Probe (Chrono Boost)  
  13  0:25  Probe (Chrono Boost)  
  13  0:28  Pylon  
  15  0:42  Probe (Chrono Boost)  
  15  0:54  Probe (Chrono Boost)  
  15  0:55  Gateway  
  16  1:06  Probe (Chrono Boost)  
  17  1:12  Assimilator  
  17  1:19  Probe (Chrono Boost)  
  18  1:33  Pylon  
  18  1:35  Probe (Chrono Boost)  
  19  1:52  Probe (Chrono Boost), Gateway  
  20  2:09  Probe (Chrono Boost)  
  21  2:12  Assimilator  
  21  2:26  Probe (Chrono Boost), Cybernetics Core  
  22  2:43  Probe (Chrono Boost)  
  23  2:51  Pylon  
  24  3:00  Probe (Chrono Boost)  
  24  3:16  Probe (Chrono Boost), Stalker  
  24  3:17  Stalker  
  29  3:32  Probe  
  30  3:48  Probe  
  31  4:00  Stalker x2  
  31  4:05  Probe  
  36  4:28  Nexus  
  36  4:32  Probe  
  36  4:35  Warp Gate (Chrono Boost)  
  37  4:46  Pylon  
  37  4:49  Probe  
  38  5:24  Probe (Chrono Boost)  
  38  5:27  Assimilator  
  39  5:36  Probe (Chrono Boost)  
  39  5:42  Pylon  
  39  5:49  Probe (Chrono Boost)  
  40  5:50  Sentry x2  
  40  5:57  Shield Battery  
  46  6:10  Probe (Chrono Boost)  
  46  6:13  Probe (Chrono Boost)  
  47  6:20  Robotics Facility  
  47  6:25  Gateway  
  47  6:27  Probe (Chrono Boost)  
  47  6:28  Gateway  
  40  6:30  Probe (Chrono Boost)  
  49  6:31  Pylon  
  49  6:34  Forge  
  49  7:04  Forge  
  49  7:07  Pylon  
  51  7:11  Probe (Chrono Boost)  
  51  7:12  Probe (Chrono Boost)  
  51  7:17  Assimilator  
  51  7:28  Probe (Chrono Boost)  
  51  7:29  Probe (Chrono Boost)  
  47  7:42  Stalker x2  
  47  7:45  Probe (Chrono Boost)  
  47  7:48  Stalker  
  47  7:49  Stalker  
Tags
 
League
Silver
Matchup
Co-op
Add a new tag
Caveats
  • Supply blocks, unpowered buildings, or Contaminate may cause inaccurate times.
  • Supply counts are checked every 10 seconds.